 Seeded DCSS version 0.30-a0-168-g0b976cbdc4 (webtiles) character file.

Game seed: 12090914615902206718 (custom seed)

25 valliere the Sneak (level 2, 0/15 HPs)
             Began as a Vampire Enchanter on Sept 29, 2022.
             Slain by an adder (2 damage)
             ... on level 2 of the Dungeon.
             The game lasted 00:01:45 (1351 turns).

valliere the Sneak (Vampire Enchanter)              Turns: 1351, Time: 00:01:45

Health: 0/15       AC:  3    Str:  7    XL:     2   Next: 86%
Magic:  5/5        EV: 12    Int: 17    God:
Gold:   94         SH:  0    Dex: 14    Spells: 5/5 levels left

rFire   . . .      SeeInvis +    a - +1 dagger
rCold   + + .      Faith    .    (no shield)
rNeg    + + +      Spirit   .    b - +0 robe
rPois   ∞          Reflect  .    (no helmet)
rElec   .          Harm     .    (no cloak)
rCorr   .          Rampage  .    i - +0 pair of gloves
Will    .....                    (no boots)
Stlth   +++++.....               (no amulet)
HPRegen 0.00/turn                (no ring)
MPRegen 0.09/turn                (no ring)

@: bloodless, inhibited regen
A: bloodless, fangs 3, see invisible, vampiric 1
a: Revivify


You were on level 2 of the Dungeon.
You visited 1 branch of the dungeon, and saw 2 of its levels.

You collected 94 gold pieces.

Inventory:

Hand Weapons
 a - a +1 dagger (weapon)
Armour
 b - a +0 robe (worn)
 i - a +0 pair of gloves (worn)
Scrolls
 d - 4 scrolls of identify {unknown}
 e - a scroll of vulnerability {unknown}
 g - a scroll of poison {unknown}
 h - a scroll of blinking {unknown}
Potions
 c - 2 potions of invisibility
 f - a potion of brilliance {unknown}


   Skills:
 + Level 0.2 Fighting
 * Level 1.8 Short Blades
 + Level 2.5 Dodging
 * Level 4.9 Stealth
 - Level 2.1 Spellcasting
 + Level 4.7 Hexes


You had 5 spell levels left.
You didn't know any spells.
Your spell library contained the following spells:

 Spells                   Type           Power      Damage    Failure   Level
 Confusing Touch          Hex            17%        N/A       9%          3
 Tukima's Dance           Hex            17%        N/A       9%          3
 Ensorcelled Hibernation  Hex/Ice        18%        N/A       11%         2
 Apportation              Tloc           2%         N/A       19%         1
 Dazzling Flash           Conj/Hex       18%        N/A       22%         3
 Portal Projectile        Hex/Tloc       18%        N/A       22%         3
 Alistair's Intoxication  Tmut/Pois      0%         N/A       99%         5
 Blade Hands              Tmut           0%         N/A       99%         5


Dungeon Overview and Level Annotations

Branches:
Dungeon (2/15)

Altars:

Annotations:
D:2 Sigmund


Innate Abilities, Weirdness & Mutations

You do not regenerate when monsters are visible.
You are frail without blood (-20% HP).
You can heal yourself when you bite living creatures.
You are immune to poison.
You have razor-sharp teeth.
You have supernaturally acute eyesight. (SInv)
You are afflicted with vampirism.


Message History

You kill the adder!
Found 2 boomerangs.
There is a stone staircase leading up here.
There is a stone staircase leading up here.
Found a dagger.
You now have 94 gold pieces (gained 18).
You see here a +0 dagger.
Found a pair of gloves.
Okay, then.
You see here a +0 pair of gloves.
i - a +0 pair of gloves You start putting on your armour.
You continue putting on your +0 pair of gloves. x4
You finish putting on your +0 pair of gloves.
Sigmund the Dreaded comes into view.
He is wielding a +0 scythe.
Found a stone staircase leading down.
A bat and 2 adders come into view.
Found a stone staircase leading down.
Sigmund shouts!
The adder hisses angrily. x2
Sigmund barely misses you.
You hear a shout!
You hit Sigmund.
Sigmund is lightly wounded.
The adder misses you.
You hit Sigmund.
Sigmund is moderately wounded.
The adder barely misses you. Sigmund hits you with a +0 scythe!
Ouch! That really hurt!
You closely miss Sigmund.
Sigmund is moderately wounded.
The adder barely misses you.
You hit Sigmund.
Sigmund is moderately wounded.
The adder barely misses you. Sigmund hits you with a +0 scythe.
You barely miss Sigmund.
Sigmund is moderately wounded.
The adder barely misses you. The adder closely misses you. The adder bites you.
* * * LOW HITPOINT WARNING * * *
Sigmund closely misses you. The adder bites you.
You die...

#### #... #
>.... .#.
#.##.### ....
#.##...#
..#..##@##.#.#
.....bS@S.>#.#
.###.##.####.#
#.# #<#
..#####.####.#
#....(.....<.#
#..####.####.#
#..# #.# #.#
#..# #.#
#.########
#..# #.#
#.........


You could see Sigmund, 2 adders and a bat.

Vanquished Creatures
  An adder (D:2)
  A giant cockroach (D:1)
  2 hobgoblins (D:1)
  3 jackals (D:1)
  3 quokkas (D:1)
  A ball python (D:1)
  2 frilled lizards (D:1)
  A kobold (D:1)
  2 rats (D:1)
16 creatures vanquished.

Notes
Turn   | Place    | Note
-------+----------+-------------------------------------------
     0 | D:1      | valliere the Vampire Enchanter began the quest for the Orb.
     0 | D:1      | Reached XP level 1. HP: 13/13 MP: 3/3
   357 | D:1      | Reached XP level 2. HP: 14/15 MP: 5/5
  1340 | D:2      | Noticed Sigmund
  1351 | D:2      | Slain by an adder

Illustrated notes

Levels and vault maps discovered:
D:1:      minmay_arrival_checkered_box, layout_loops_corners, serial_forest,
          infiniplex_forest_fountain, infiniplex_forest_straight_2,
          infiniplex_forest_corner_1, infiniplex_forest_lined_room_2,
          infiniplex_forest_lined_1, infiniplex_forest_clump_tiny,
          roderic_lattice_a, minmay_pentomino_t2
D:2:      layout_loops_ring, kennysheep_generic_room_14, uniq_sigmund,
          uniq_natasha

Action                   || total
-------------------------++-------
Melee: Dagger            ||    52
       Bite              ||     3
 Abil: Exsanguinate      ||     1
 Stab: Sleeping          ||     9
Armor: Robe              ||     2
Dodge: Dodged            ||    33

Table legend: (Time is in decaauts)
 A = Elapsed time spent in this place.
 B = Non-inter-level travel time spent in this place.
 C = Inter-level travel time spent in this place.
 D = Time resting spent in this place.
 E = Time spent auto-exploring this place.
 F = Levels seen in this place.
 G = Mean time per level.
                   A        B        C        D        E       F      G
               +--------+--------+--------+--------+--------+-----+--------+
         Total |   1347 |   1338 |      9 |      0 |   1190 |   2 |  673.5 |
       Dungeon |   1347 |   1338 |      9 |      0 |   1190 |   2 |  673.5 |
               +--------+--------+--------+--------+--------+-----+--------+

Top non-repeatable levels by time:
     D:1: 1286 daAuts
     D:2: 61 daAuts
